Map: [ESL] Tropical Sacrifice

Players

AqueroN - Winner!

  • Race: Terran Terran
  • Spawn Location: 1:00

Hellraiser

  • Race: Protoss Protoss
  • Spawn Location: 7:00

Event: DreamHack SC2 Masters 2022 Atlanta (Online)

VOD

Have the link to the VOD?

Description

Time

  • Played on: Oct. 4, 2022, 1:11 p.m.
  • Length: 8:58

All games in this series

Show
View Real Time Build Order
Export as new Build Order

AqueroN Terran - Winner!

Build Orders: Cyclone Opening 

Get SALT Encoding   

  12  0:00  SCV  
  13  0:12  SCV  
  14  0:17  Supply Depot  
  14  0:24  SCV  
  15  0:38  SCV  
  15  0:39  Barracks  
  16  0:45  Refinery  
  16  0:50  SCV  
  16  0:55  Refinery  
  17  1:03  SCV  
  18  1:15  SCV  
  19  1:26  Reaper  
  19  1:27  Orbital Command  
  20  1:40  Supply Depot  
  20  1:46  Factory  
  20  1:52  SCV  
  21  1:58  Reaper  
  22  2:04  SCV  
  23  2:16  SCV  
  24  2:25  Command Center  
  24  2:28  SCV  
  25  2:31  Factory Tech Lab  
  25  2:40  SCV  
  26  2:48  Barracks Reactor, Supply Depot  
  26  2:51  Cyclone  
  29  2:58  Barracks  
  29  3:01  SCV  
  30  3:13  SCV  
  31  3:26  SCV  
  31  3:27  Marine x2  
  35  3:28  Siege Tank  
  35  3:31  Supply Depot  
  37  3:38  SCV  
  37  3:39  Orbital Command  
  38  3:44  Marine  
  39  3:50  SCV  
  39  3:51  Marine  
  39  3:52  Marine  
  40  4:00  Barracks  
  40  4:02  Marine  
  40  4:08  Siege Tank  
  40  4:09  Marine  
  45  4:11  SCV  
  45  4:13  SCV  
  45  4:15  Marine  
  48  4:20  Marine  
  49  4:25  Supply Depot  
  49  4:26  SCV x2  
  49  4:27  Marine  
  52  4:33  Marine  
  52  4:38  Starport, Marine  
  54  4:42  SCV x2  
  54  4:44  Supply Depot, Marine  
  57  4:49  Barracks Tech Lab  
  57  4:52  Marine  
  58  4:56  Siege Tank, Marine  
  58  4:58  SCV  
  63  5:00  SCV  
  63  5:02  Marine  
  63  5:06  Supply Depot  
  65  5:10  SCV  
  65  5:11  Stimpack  
  65  5:12  SCV, Marine x2  
  69  5:19  Medivac  
  71  5:21  Marine x2  
  71  5:24  Engineering Bay  
  71  5:26  SCV  
  74  5:33  Marine  
  73  5:37  SCV  
  73  5:38  SCV  
  73  5:39  Marine  
  76  5:47  Barracks Tech Lab, Marine  
  75  5:50  SCV  
  75  5:52  Terran Infantry Weapons Level 1, Starport Reactor  
  75  5:57  SCV  
  77  5:58  Marine  
  77  6:02  SCV  
  79  6:09  Command Center  
  79  6:12  Combat Shield  
  79  6:13  Marauder  
  79  6:18  Supply Depot  
  81  6:19  Missile Turret  
  81  6:23  Missile Turret  
  80  6:27  Marine x2  
  80  6:28  SCV  
  80  6:30  SCV  
  82  6:34  Medivac x2  
  82  6:39  Marine  
  86  6:40  SCV  
  86  6:44  Marauder  
  86  6:45  Marine x2  
  86  6:46  SCV  
  92  6:49  Refinery  
  92  6:51  Supply Depot  
  92  6:52  Supply Depot  
  92  6:53  Concussive Shells  
  92  6:59  Marauder  
  94  7:05  Barracks  
  94  7:06  Barracks  
  94  7:13  Viking, Marine x2, SCV x2  
  100  7:17  Viking  
  100  7:21  Marauder  
  104  7:25  SCV x2  
  104  7:29  Supply Depot  
  106  7:30  Supply Depot  
  106  7:36  Marine x2  
  106  7:37  Marauder  
  110  7:41  SCV x2  
  112  7:46  Viking  
  112  7:49  Viking  
  116  7:53  SCV  
  116  7:54  SCV  
  118  7:59  Marauder x2, Marine  
  118  8:00  Missile Turret  
  118  8:02  Marine  
  118  8:17  SCV x2  
  118  8:19  Barracks Tech Lab, Marauder, Marine  
  122  8:20  Marauder  
  122  8:23  Orbital Command  
  110  8:35  Refinery  
Show
View Real Time Build Order
Export as new Build Order

Hellraiser Protoss 

Build Orders: Oracle Opening, Phoenix Opening 

Get SALT Encoding   

  12  0:00  Probe  
  13  0:12  Probe  
  14  0:17  Pylon  
  14  0:24  Probe (Chrono Boost)  
  15  0:37  Probe (Chrono Boost), Gateway  
  16  0:43  Probe (Chrono Boost)  
  16  0:46  Assimilator  
  17  0:51  Probe  
  18  1:03  Probe  
  19  1:15  Probe  
  20  1:24  Cybernetics Core  
  20  1:25  Zealot  
  22  1:27  Probe, Pylon  
  23  1:53  Nexus  
  23  1:57  Probe  
  23  2:00  Adept (Chrono Boost)  
  26  2:09  Probe  
  26  2:14  Assimilator  
  26  2:24  Stargate  
  26  2:25  Probe  
  27  2:30  Adept  
  29  2:37  Probe  
  30  2:49  Probe  
  31  3:05  Probe  
  32  3:06  Shield Battery, Probe  
  32  3:07  Oracle (Chrono Boost)  
  36  3:17  Probe  
  37  3:23  Probe (Chrono Boost)  
  36  3:29  Probe (Chrono Boost)  
  37  3:35  Probe (Chrono Boost)  
  37  3:36  Robotics Facility  
  37  3:40  Phoenix  
  37  3:41  Probe (Chrono Boost)  
  41  3:43  Probe (Chrono Boost)  
  41  3:45  Probe (Chrono Boost)  
  43  3:49  Probe  
  43  3:55  Pylon  
  43  3:56  Probe  
  43  4:00  Assimilator  
  43  4:01  Probe  
  45  4:07  Warp Gate (Chrono Boost)  
  45  4:08  Probe  
  46  4:13  Phoenix, Probe  
  49  4:19  Assimilator  
  49  4:20  Probe  
  49  4:23  Pylon  
  50  4:25  Observer, Probe  
  52  4:32  Probe  
  52  4:38  Probe  
  54  4:40  Gateway  
  54  4:41  Phoenix  
  54  4:44  Probe  
  57  4:49  Pylon  
  57  4:50  Probe  
  58  4:53  Immortal (Chrono Boost)  
  62  5:06  Robotics Bay  
  62  5:07  Probe x2  
  64  5:16  Pylon  
  64  5:19  Probe x2  
  66  5:23  Immortal (Chrono Boost)  
  66  5:27  Shield Battery  
  70  5:34  Probe  
  71  5:36  Shield Battery  
  71  5:38  Pylon  
  71  5:40  Phoenix  
  71  5:53  Stalker x2, Pylon  
  78  5:58  Probe  
  78  6:02  Colossus (Chrono Boost)  
  82  6:12  Nexus  
  82  6:15  Phoenix  
  84  6:20  Pylon  
  84  6:21  Probe  
  84  6:23  Probe  
  86  6:30  Twilight Council  
  86  6:35  Extended Thermal Lance  
  86  6:40  Gateway  
  86  6:44  Gateway  
  85  6:47  Colossus (Chrono Boost)  
  91  6:56  Gateway  
  91  7:01  Gateway  
  91  7:04  Probe x2  
  91  7:05  Charge (Chrono Boost)  
  93  7:12  Forge  
  88  7:17  Probe  
  88  7:18  Probe  
  88  7:21  Pylon  
  88  7:22  Zealot, Sentry  
  92  7:28  Colossus (Chrono Boost)  
  100  7:37  Shield Battery  
  100  7:38  Probe  
  100  7:40  Sentry  
  100  7:41  Zealot  
  100  7:43  Probe  
  106  7:47  Zealot x2  
  106  7:51  Probe  
  112  8:02  Probe  
  112  8:03  Zealot x4  
  112  8:05  Probe x2  
  118  8:15  Zealot x2  
  115  8:22  Probe x2  
  115  8:24  Zealot x3  
  117  8:29  Probe  
  92  8:34  Probe  
  92  8:35  Probe  
  92  8:36  Zealot x3  
  83  8:44  Stalker x3  
  83  8:46  Probe  
Tags
 
Add a new tag
Caveats
  • Supply blocks, unpowered buildings, or Contaminate may cause inaccurate times.
  • Supply counts are checked every 10 seconds.